AoeStats
← Khirs

Black Forest

509438583Analyzed
4v4 RM · 5d ago on Sep 26, 2026· 54m 39s· 8 players
Game mode
Random Map
Map size
Large (8 player)
Population
200
Speed
Normal
Resources
Standard
Victory
Conquest
Starting age
Dark Age
Ending age
Imperial Age
RankedLock teamsTeams togetherTeam positionsShared explorationLock speedFull tech treeHidden civsTurbo modeCheats
Victory
Defeat
🇰🇿 Armenians · Kazakhstan
878
+10
🇨🇭 Vietnamese · Switzerland
858
+11
🇨🇳 Jurchens · China
692
+17
🇨🇴 Tatars · Colombia
662
+18
🇷🇴 Sicilians · Romania
758
-15
🇪🇸 Teutons · Spain
726
-14
🇦🇹 Huns · Austria
722
-14
🇦🇹 Turks · Austria
696
-13
Khirs
0:47 Loom
17:40 Feudal Age
20:33 Horse Collar
20:42 Double-Bit Axe
24:23 Castle Age
23:17 Stone Mining
23:23 Gold Mining
26:08 Stone Shaft Mining
26:08 Heavy Plow
26:22 Bow Saw
29:46 Fletching
30:54 Ballistics
32:00 Fortified Wall
38:44 Imperial Age
36:26 Bodkin Arrow
39:27 Wheelbarrow
39:15 Scale Barding Armor
38:37 Pikeman
39:07 Arson
39:53 Conscription
41:07 Chemistry
39:44 Cavalier
40:49 Chain Barding Armor
41:07 Hand Cart
41:26 Crop Rotation
41:59 Two-Man Saw
41:20 Onager
42:44 Plate Barding Armor
42:08 Halberdier
43:04 Forging
44:19 Ironclad
43:57 Paladin
46:32 Siege Engineers
47:09 Scale Mail Armor
47:43 Crenellations
andreiclosca92
11:35 Feudal Age
13:06 Wheelbarrow
12:15 Horse Collar
12:23 Double-Bit Axe
15:54 Stone Mining
16:18 Gold Mining
22:27 Castle Age
24:38 Bow Saw
24:35 Heavy Plow
25:28 Hand Cart
32:17 Caravan
32:48 Forging
32:38 Scale Mail Armor
32:44 Scale Barding Armor
34:01 Masonry
33:46 Murder Holes
33:42 Heated Shot
37:22 Ballistics
37:26 First Crusade
40:46 Imperial Age
40:03 Iron Casting
39:44 Chain Mail Armor
39:49 Chain Barding Armor
38:59 Light Cavalry
39:49 Bloodlines
39:40 Husbandry
42:12 Gold Shaft Mining
42:13 Stone Shaft Mining
42:11 Crop Rotation
42:52 Blast Furnace
42:23 Plate Mail Armor
41:16 Man-at-Arms
41:16 Pikeman
41:57 Squires
41:42 Gambesons
41:43 Arson
41:30 Cavalier
42:47 Siege Engineers
42:28 Arrowslits
43:44 Chemistry
46:13 Plate Barding Armor
46:41 Long Swordsman
46:42 Halberdier
47:15 Fletching
47:26 Padded Archer Armor
47:31 Two-Handed Swordsman
48:40 Champion
luv
9:04 Loom
11:53 Feudal Age
12:33 Double-Bit Axe
12:32 Horse Collar
19:58 Castle Age
18:28 Padded Archer Armor
18:36 Gold Mining
19:39 Scale Barding Armor
19:26 Fletching
20:06 Forging
21:21 Bow Saw
21:54 Stone Mining
23:05 Leather Archer Armor
24:15 Gold Shaft Mining
23:42 Heavy Plow
24:50 Bodkin Arrow
27:59 Town Watch
30:11 Wheelbarrow
31:58 Husbandry
32:10 Bloodlines
32:52 Ballistics
34:56 Thumb Ring
35:30 Hand Cart
35:28 Thumb Ring
40:29 Imperial Age
38:25 Chain Barding Armor
38:41 Iron Casting
40:07 Murder Holes
40:23 Masonry
39:53 Treadmill Crane
40:40 Sipahi
40:34 Squires
40:39 Town Patrol
41:42 Ring Archer Armor
41:14 Bracer
42:14 Blast Furnace
41:02 Elite Janissary
42:00 Heavy Cavalry Archer
43:08 Parthian Tactics
44:25 Two-Man Saw
44:03 Plate Barding Armor
43:53 Conscription
44:26 Artillery
47:23 Cavalier
50:28 Heavy Camel Rider
Bohemaniac
13:49 Feudal Age
19:00 Castle Age
17:28 Horse Collar
17:58 Double-Bit Axe
18:58 Loom
20:41 Husbandry
20:56 Forging
21:57 Heavy Plow
22:51 Wheelbarrow
23:11 Stone Mining
23:44 Town Watch
25:06 Scale Barding Armor
26:18 Bloodlines
31:48 Marauders
32:44 Iron Casting
34:16 Chain Barding Armor
34:18 Hand Cart
34:23 Bow Saw
35:10 Gold Mining
35:58 Scale Mail Armor
36:05 Squires
35:52 Arson
39:15 Imperial Age
38:29 Gold Shaft Mining
38:14 Chain Mail Armor
38:06 Light Cavalry
38:37 Man-at-Arms
38:39 Pikeman
39:42 Masonry
39:44 Elite Tarkan
40:55 Conscription
41:21 Plate Barding Armor
42:12 Blast Furnace
41:35 Long Swordsman
41:44 Hussar
42:29 Fletching
42:39 Padded Archer Armor
43:20 Padded Archer Armor
43:49 Two-Handed Swordsman
43:51 Halberdier
45:19 Ballistics
45:09 Murder Holes
DolphinPizza
11:32 Feudal Age
18:12 Castle Age
16:04 Horse Collar
18:26 Stone Mining
25:24 Wheelbarrow
25:30 Gold Mining
27:36 Hand Cart
31:26 Imperial Age
30:09 Heavy Plow
29:58 Double-Bit Axe
33:46 Heated Shot
34:17 Ballistics
34:43 Gold Shaft Mining
34:59 Conscription
36:25 Chemistry
38:03 Scale Barding Armor
37:58 Scale Mail Armor
37:49 Fletching
39:00 Treadmill Crane
39:39 Elite Keshik
40:34 Timurid Siegecraft
41:07 Bow Saw
41:44 Silk Armor
41:13 Onager
42:16 Crossbowman
44:02 Town Watch
44:34 Forging
44:21 Bodkin Arrow
44:27 Padded Archer Armor
44:48 Chain Barding Armor
47:51 Iron Casting
47:34 Leather Archer Armor
47:33 Elite Skirmisher
50:56 Plate Barding Armor
51:22 Blast Furnace
50:28 Bracer
53:47 Caravan
54:17 Coinage
53:58 Guilds
54:08 Masonry
54:03 Siege Engineers
luzmamera2
0:33 Loom
13:18 Feudal Age
13:51 Double-Bit Axe
22:55 Castle Age
23:02 Castle Age
21:33 Stone Mining
23:58 Bow Saw
29:06 Wheelbarrow
30:08 Fortified Wall
29:31 Elite Skirmisher
30:52 Murder Holes
32:00 Hand Cart
33:26 Gold Mining
34:12 Stone Shaft Mining
36:45 Imperial Age
34:31 Thumb Ring
34:53 Ballistics
34:38 Padded Archer Armor
34:28 Fletching
36:41 Leather Archer Armor
36:22 Bodkin Arrow
36:42 Masonry
38:37 Chemistry
37:43 Siege Engineers
38:12 Ring Archer Armor
37:18 Imperial Skirmisher
37:22 Pikeman
38:02 Squires
37:48 Arson
39:39 Two-Man Saw
39:32 Caravan
40:09 Bracer
40:48 Scale Mail Armor
40:59 Forging
42:33 Chain Mail Armor
42:28 Elite Fire Lancer
43:43 Man-at-Arms
45:19 Plate Mail Armor
45:25 Iron Casting
46:18 Long Swordsman
48:38 Two-Handed Swordsman
49:27 Elite Rattan Archer
BALOYAN
0:39 Loom
11:34 Feudal Age
12:09 Horse Collar
13:02 Town Watch
13:09 Double-Bit Axe
19:40 Gold Mining
23:02 Castle Age
21:35 Stone Mining
24:14 Forging
23:30 Man-at-Arms
23:56 Gambesons
24:12 Squires
23:57 Arson
24:24 Heavy Plow
24:53 Bow Saw
24:37 Long Swordsman
25:58 Iron Casting
26:34 Wheelbarrow
26:18 Scale Mail Armor
26:10 Fletching
25:45 Two-Handed Swordsman
32:10 Imperial Age
31:30 Hand Cart
31:51 Champion
32:30 Murder Holes
32:56 Ballistics
33:34 Chain Mail Armor
34:30 Masonry
34:04 Treadmill Crane
35:45 Blast Furnace
34:53 Fereters
36:23 Gold Shaft Mining
36:05 Capped Ram
38:17 Chemistry
37:53 Plate Mail Armor
37:19 Bodkin Arrow
38:08 Caravan
38:47 Town Patrol
41:31 Pikeman
42:53 Conscription
43:10 Hoardings
42:45 Bracer
44:50 Siege Ram
50:59 Bloodlines
50:50 Husbandry
50:10 Light Cavalry
52:23 Scale Barding Armor
WINGER
0:33 Loom
11:14 Feudal Age
16:51 Castle Age
14:57 Double-Bit Axe
15:25 Horse Collar
18:02 Bow Saw
17:55 Heavy Plow
18:41 Stone Mining
20:53 Stone Shaft Mining
24:23 Gold Mining
27:31 Gold Shaft Mining
32:04 Imperial Age
30:31 Siege Engineers
30:43 Forging
30:39 Scale Barding Armor
30:25 Fletching
30:36 Padded Archer Armor
33:23 Iron Casting
33:09 Chain Barding Armor
33:51 Chemistry
33:14 Ballistics
33:59 Two-Man Saw
33:32 Crop Rotation
33:43 Wheelbarrow
33:09 Bodkin Arrow
33:34 Leather Archer Armor
33:36 Guilds
33:40 Treadmill Crane
34:42 Ballistics
34:34 Masonry
34:47 Caravan
35:51 Blast Furnace
35:55 Conscription
35:00 Elite Iron Pagoda
35:52 Scale Mail Armor
36:29 Plate Barding Armor
36:15 Hand Cart
36:12 Bracer
37:02 Heavy Cavalry Archer
38:04 Thunderclap Bombs
39:06 Architecture
39:11 Ring Archer Armor
39:02 Husbandry
39:15 Bloodlines
40:28 Light Cavalry
42:23 Hussar
43:40 Heavy Rocket Cart
Connection lost

Rejoining the realm…

Still unreachable

The connection could not be restored.

Session expired

The server has moved on; the page needs a fresh start.